 Dungeon Crawl Stone Soup version 0.18-a0-853-gfe32976 (webtiles) character file.

441 Proton the Skirmisher (level 6, 0/56 HPs)
             Began as a Minotaur Fighter on Dec 21, 2015.
             Was a Follower of the Shining One.
             Slain by an iron imp (2 damage)
             ... summoned by Eustachio
             ... on level 4 of the Dungeon.
             The game lasted 00:05:58 (3303 turns).

Proton the Skirmisher (Minotaur Fighter)            Turns: 3303, Time: 00:05:58

Health: 0/56       AC:  9    Str: 23    XL:     6   Next: 71%
Magic:  5/5        EV:  7    Int:  5    God:    the Shining One [*.....]
Gold:   218        SH: 14    Dex:  9    Spells: 0 memorised, 5 levels left

rFire  . . .     SeeInvis +     a - +0 flail
rCold  . . .     Gourm    .     j - +0 chain mail
rNeg   . . .     Faith    .     c - +0 shield
rPois  .         Spirit   .     (helmet restricted)
rElec  .         Dismiss  .     (no cloak)
rCorr  .         Reflect  +     (no gloves)
SustAt .         Harm     .     (no boots)
MR     .....                    w - +4 amulet of reflection
Stlth  ..........               (no ring)
                                h - ring of see invisible

@: glowing, not resistant to hostile enchantments, extremely unstealthy
A: retaliatory headbutt, horns 2
a: Renounce Religion


You were on level 4 of the Dungeon.
You worshipped the Shining One.
The Shining One was aware of your devotion.
You were not hungry.

You visited 1 branch of the dungeon, and saw 4 of its levels.

You collected 218 gold pieces.

Inventory:

Hand Weapons
 a - a +0 flail (weapon)
Armour
 c - a +0 shield (worn)
 j - a +0 chain mail (worn)
Jewellery
 h - a ring of see invisible (left hand)
 r - an uncursed amulet of resist corrosion
 w - a +4 amulet of reflection (around neck)
 A - an uncursed ring of protection from magic {unknown}
Wands
 l - a wand of frost (16/48)
Scrolls
 b - 2 scrolls of enchant armour {unknown}
 e - a scroll of immolation {unknown}
 i - 4 scrolls of identify {unknown}
 m - 2 scrolls of recharging {unknown}
 n - a scroll of teleportation {unknown}
 p - 2 scrolls of remove curse {unknown}
 q - 3 scrolls of amnesia {unknown}
 t - a scroll of blinking {unknown}
 u - a scroll of fear {unknown}
 y - a scroll of magic mapping {unknown}
Potions
 d - 2 potions of might
 g - 5 potions of curing
 k - a potion of brilliance {unknown}
 v - 2 potions of ambrosia {unknown}
 x - a potion of poison {unknown}
Comestibles
 f - 3 bread rations
 o - a royal jelly
 s - 2 meat rations
 z - 2 chunks of flesh


   Skills:
 + Level 5.3 Fighting
 + Level 4.4 Maces & Flails
 + Level 5.0 Armour
 + Level 3.1 Dodging
 + Level 5.1 Shields


You had 5 spell levels left.
You didn't know any spells.

Dungeon Overview and Level Annotations

Branches:
Dungeon (4/15)
 Temple: D:4-7

Altars:
Ru
Vehumet
Yredelemnul
The Shining One

Annotations:
D:4 Eustachio


Innate Abilities, Weirdness & Mutations

You reflexively headbutt those who attack you in melee.
You have a pair of horns on your head.


Message History

The iron imp hits you but does no damage.
You thump Eustachio! Your headbutt misses Eustachio.
Eustachio is severely wounded.
You block Eustachio's attack.
The shadow imp hits you but does no damage.
The iron imp hits you.
* * * LOW HITPOINT WARNING * * *
You hit Eustachio.
Eustachio is severely wounded.
The shadow imp hits you but does no damage.
Eustachio completely misses you.
You barely miss Eustachio.
Eustachio is severely wounded.
You block the iron imp's attack. The shadow imp gestures at you.
Pain shoots through your body!
* * * LOW HITPOINT WARNING * * *
Eustachio gestures wildly while chanting.
The iron imp hits you.
You die...

### #.. #. ..# #.
..# #. ##..#
.####.######...###
...........55...>#
........#..5@###.#
..........###@r....#
(.......#.# b#5...#
#########.# ## .###
######..# ..
#......## ##..###
#......# #...#
#..###.### #...#
#..###...# #.#.####


You could see Eustachio, an iron imp, a quasit, a crimson imp, a river rat, a
shadow imp and a bat.

Vanquished Creatures
  A scorpion (D:4)
  2 crimson imps (D:3)
  3 orc priests
  Jessica (D:3)
  2 worker ants
  Robin (D:3)
  3 gnolls (D:3)
  2 adders
  An ooze (D:1)
  4 worms (D:2)
  A giant gecko (D:1)
  8 orcs
  4 giant cockroaches
  20 goblins
  11 hobgoblins
  A jackal (D:3)
  A quokka (D:2)
  2 ball pythons
  6 bats
  10 giant newts
  7 kobolds
  5 rats
96 creatures vanquished.

Vanquished Creatures (others)
  A goblin (D:3)
1 creature vanquished.

Grand Total: 97 creatures vanquished

Notes
Turn   | Place    | Note
--------------------------------------------------------------
     0 | D:1      | Proton the Minotaur Fighter began the quest for the Orb.
     0 | D:1      | Reached XP level 1. HP: 19/19 MP: 0/0
   113 | D:1      | Reached XP level 2. HP: 25/27 MP: 1/1
   229 | D:1      | Reached skill level 4 in Shields
   541 | D:1      | Reached XP level 3. HP: 33/33 MP: 2/2
   701 | D:2      | Found a sacrificial altar of Ru.
   732 | D:2      | Reached skill level 1 in Dodging
  1427 | D:2      | Reached XP level 4. HP: 40/40 MP: 3/3
  2068 | D:3      | Noticed Robin
  2114 | D:3      | Killed Robin
  2114 | D:3      | Reached XP level 5. HP: 35/47 MP: 4/4
  2496 | D:3      | Found a radiant altar of Vehumet.
  2754 | D:3      | Found a faded altar to an unknown god.
  2763 | D:3      | Became a worshipper of the Shining One
  2763 | D:3      | Reached * piety under the Shining One
  2873 | D:3      | Noticed Jessica
  2879 | D:3      | Killed Jessica
  2879 | D:3      | Reached skill level 5 in Fighting
  2879 | D:3      | Reached XP level 6. HP: 39/56 MP: 5/5
  3210 | D:4      | Reached skill level 5 in Armour
  3210 | D:4      | Reached skill level 5 in Shields
  3239 | D:4      | Found a basalt altar of Yredelemnul.
  3288 | D:4      | Noticed Eustachio
  3303 | D:4      | HP: 2/56 [shadow imp/nerve-wracking pain[Eustachio] (13)]
  3303 | D:4      | Slain by an iron imp

Vault maps used:
D:1:      saegor_arrival_simple_c, minmay_quantized
D:2:      hangedman_ru_absence
D:3:      kennysheep_six_static_rooms, fiery_altar_vehumet, ecumenical_altar_1,
          uniq_robin, uniq_jessica
D:4:      kennysheep_spiral_hall, lemuel_doored_altar,
          nicolae_overflow_crystal_walls, temple_fountains, first_bread,
          elyvilon_altar_3, uniq_eustachio

Action                   |  1- 3 |  4- 6 || total
-------------------------+-------+-------++-------
Melee: Flail             |   116 |   144 ||   260
Evoke: Wand              |       |     2 ||     2
  Eat: Chunk             |       |     8 ||     8
